 Dungeon Crawl Stone Soup version 0.18-a0-1273-g8ec5f8e (webtiles) character file.

935 namelastname112 the Shooter (level 7, -1/61 HPs)
             Began as a Yellow Draconian Hunter on Feb 7, 2016.
             Was an Initiate of Gozag.
             Slain by an unseen horror (2 damage)
             ... on level 4 of the Abyss.
             The game lasted 00:11:21 (5138 turns).

namelastname112 the Shooter (DrHu)                  Turns: 5138, Time: 00:11:21

Health: -1/61      AC:  6    Str: 16    XL:     7   Next: 87%
Magic:  16/16      EV: 20    Int: 11    God:    Gozag
Gold:   376        SH:  0    Dex: 19    Spells: 0 memorised, 6 levels left

rFire  . . .     SeeInvis .     z - +7 mace "Locemon" {distort, Str+2}
rCold  . . .     Gourm    .     (armour unavailable)
rNeg   . . .     Faith    .     (no shield)
rPois  .         Spirit   .     (helmet restricted)
rElec  .         Dismiss  .     (no cloak)
rCorr  +         Reflect  .     (no gloves)
SustAt .         Harm     .     (no boots)
MR     .....                    (no amulet)
Stlth  ++........               w - ring of loudness (curse)
                                y - ring of magical power

@: agile, very slightly contaminated, hasted, very quick, not resistant to
hostile enchantments, unstealthy
A: spit acid, acid resistance, unfitting armour, cold-blooded, AC +6
a: Spit Acid, Potion Petition, Call Merchant, Bribe Branch, Renounce Religion


You were on level 4 of the Abyss.
You worshipped Gozag.
Gozag was noncommittal.
You were not hungry.

You visited 1 branch of the dungeon, and saw 6 of its levels.
You visited the Abyss 1 time.

You collected 438 gold pieces.
You paid 62 gold pieces to Gozag.

Inventory:

Hand Weapons
 a - a +1 shortbow
 i - a +1 dagger of venom
 z - the +7 mace "Locemon" (weapon) {distort, Str+2}
   (You found it on level 6 of the Dungeon)

   It warps and distorts space around it.
   Unwielding it can cause banishment or high damage.
   It affects your strength (+2).
 B - a +1 shortbow of velocity
Missiles
 c - 18 arrows
Jewellery
 m - a +5 ring of intelligence
 w - a cursed ring of loudness (right hand)
 y - a ring of magical power (left hand)
Wands
 t - a wand of heal wounds (0/9)
 v - a wand of flame (44/48)
 x - a wand of paralysis (5/24)
 A - a wand of digging (10/24)
Scrolls
 f - 3 scrolls of remove curse {unknown}
 g - a scroll of noise {unknown}
 j - 2 scrolls of magic mapping {unknown}
 p - 3 scrolls of teleportation {unknown}
 q - a scroll of immolation {unknown}
 r - a scroll of fog {unknown}
 u - 5 scrolls of identify {unknown}
Potions
 h - 2 potions of curing
 k - 2 potions of agility
 l - a potion of magic {unknown}
 o - a potion of haste
Comestibles
 b - 5 meat rations
 d - 3 bread rations


   Skills:
 + Level 5.5 Fighting
 + Level 2.1 Maces & Flails
 * Level 6.6 Bows
 + Level 4.0 Dodging
 - Level 0.8 Stealth


You had 6 spell levels left.
You didn't know any spells.

Dungeon Overview and Level Annotations

Branches:
Dungeon (6/15)             Temple (0/1) D:4

Altars:
Gozag
Kikubaaqudgha
Makhleb
Okawaru
Sif Muna

Shops:
D:4 *


Innate Abilities, Weirdness & Mutations

You can spit globs of acid.
You are resistant to acid.
Your golden yellow scales are hard (AC +6).
Your body does not fit into most forms of armour.
You are cold-blooded and may be slowed by cold attacks.


Message History

Unknown command.
Evoke which item? (* to show all) (? for menu, Esc to quit)
Zapping:
t - a wand of heal wounds {zapped: 5} (will waste charges)
Press: ? - help, Shift-Dir - straight line, f - you Nothing appears to happen.
Something misses you. Something closely misses you.
Something barely misses you. Something misses you. Something hits you!
* * * LOW HITPOINT WARNING * * *
Unknown command.
Drink which item? (? for menu, Esc to quit)
You feel yourself speed up. Something hits you but does no damage.
Something closely misses you.
You are very lightly contaminated with residual magic.
Something hits you.
* * * LOW HITPOINT WARNING * * *
Something hits you.
You die...
Your body crumbles into a pile of gold.

#.........
####### .*.#
#....XX..##.#
#.######## .
#.###....#$ #
#X#....... .
#.#..##.#. ##
#..#...# ..
.## #.#@#.#..
... .
#.#..#.#..#
.. #. .
#.#..... # .
. #.#.###..##
# . . #.#...
..... . .
#.#.. ##.. .
.#.... #.###
# .. .... .
.. . .... . #
# . .. . . .


You could see a thrashing horror.

Vanquished Creatures
  The ghost of namelastname112 the Shooter, a novice DrHu (D:5)
  2 crimson imps
  An orc priest (D:6)
  An orc wizard (D:3)
  4 worker ants
  7 gnolls
  8 adders
  A shadow imp (D:5)
  2 oozes
  An adder zombie (D:5)
  A worm (D:2)
  7 giant geckos
  14 orcs
  7 giant cockroaches
  4 goblins
  10 hobgoblins
  8 jackals
  2 quokkas
  A ball python (D:1)
  7 bats
  A giant newt (D:1)
  9 kobolds
  4 rats
103 creatures vanquished.

Notes
Turn   | Place    | Note
--------------------------------------------------------------
     0 | D:1      | namelastname112 the Draconian Hunter began the quest for the Orb.
     0 | D:1      | Reached XP level 1. HP: 17/17 MP: 1/1
   259 | D:1      | Reached XP level 2. HP: 22/25 MP: 2/2
   402 | D:1      | Reached skill level 4 in Bows
   596 | D:1      | Reached XP level 3. HP: 24/30 MP: 3/3
   900 | D:2      | Reached XP level 4. HP: 29/38 MP: 4/4
  1224 | D:2      | Found an ancient bone altar of Kikubaaqudgha.
  1387 | D:2      | Found a burning altar of Makhleb.
  1435 | D:2      | Reached XP level 5. HP: 37/45 MP: 5/5
  1727 | D:3      | Found an iron altar of Okawaru.
  1851 | D:3      | Reached skill level 5 in Bows
  2455 | D:4      | Reached XP level 6. HP: 48/53 MP: 6/6
  2683 | D:4      | Found an opulent altar of Gozag.
  2688 | D:4      | Found Gozag's Platinum Reserve.
  2701 | D:4      | Became a worshipper of Gozag Ym Sagoz the Greedy
  2839 | D:4      | Found a staircase to the Ecumenical Temple.
  3182 | D:5      | Entered Level 5 of the Dungeon
  3182 | D:5      | Noticed namelastname112's ghost (novice DrHu)
  3613 | D:6      | Found a deep blue altar of Sif Muna.
  3978 | D:6      | Got a fine mace
  3979 | D:6      | Identified the +7 mace "Locemon" {distort, Str+2} (You found it on level 6 of the Dungeon)
  4555 | D:5      | Reached skill level 5 in Fighting
  4589 | D:5      | Killed namelastname112's ghost
  4589 | D:5      | Reached skill level 6 in Bows
  4589 | D:5      | Reached XP level 7. HP: 55/61 MP: 7/7
  4589 | D:5      | Your scales start taking on a golden yellow colour.
  4600 | D:5      | HP: 3/61 [poisoned by namelastname112's ghost]
  5053 | D:5      | Cast into level 2 of the Abyss (a distortion unwield)
  5084 | Abyss:3  | Noticed a small abomination
  5093 | Abyss:4  | Noticed a large abomination
  5117 | Abyss:4  | Noticed a thrashing horror
  5117 | Abyss:4  | Noticed a thrashing horror
  5136 | Abyss:4  | HP: 1/61 [something (5)]
  5138 | Abyss:4  | Slain by an unseen horror

Vault maps used:
D:1:      lightli_arrival_flooded_house, grunt_decor_cap
D:2:      lemuel_coloured_pillars_altar, makhleb_grotto_becter,
          grunt_decor_arrowhead
D:3:      okawaru_ov_weapons_minmay, feat_on_display
D:4:      nicolae_gozag_zags_fifth_avenue, minmay_temple_entry_statues_fountains
D:5:      first_bread, kennysheep_dice
D:6:      nicolae_overflow_crystal_walls
Abyss:2:  evilmike_abyss_exit_10
Abyss:3:  nicolae_abyss_rune_more_like_crabyss
Abyss:4:  hangedman_abyss_mock_shop, grunt_abyss_rune_the_horror,
          minivault_25_ag

Action                   |  1- 3 |  4- 6 |  7- 9 || total
-------------------------+-------+-------+-------++-------
Melee: Short sword       |    53 |       |       ||    53
       Dagger            |    61 |   266 |       ||   327
       Mace              |       |    19 |     5 ||    24
 Fire: Shortbow          |       |    18 |       ||    18
Evoke: Wand              |       |     3 |     1 ||     4
  Use: Potion            |       |       |     8 ||     8
 Stab: Sleeping          |     1 |       |       ||     1
       Paralysed         |       |     4 |       ||     4
  Eat: Chunk             |       |     6 |       ||     6
       Fruit             |       |     3 |       ||     3
       Royal jelly       |       |     2 |       ||     2
       Bread ration      |       |       |     1 ||     1
